 Dungeon Crawl Stone Soup version 0.27-a0-1529-g1e82c303ef (webtiles) character file.

Game seed: 8498950574241639459

884 Sin92 the Skirmisher (level 7, -2/55 HPs)
             Began as a Demonspawn Fighter on July 11, 2021.
             Was an Initiate of Okawaru.
             Slain by a white imp (4 damage)
             ... on level 6 of the Dungeon.
             The game lasted 00:08:15 (6062 turns).

Sin92 the Skirmisher (Demonspawn Fighter)           Turns: 6062, Time: 00:08:16

Health: -2/55      AC: 13    Str: 19    XL:     7   Next: 76%
Magic:  7/7        EV:  6    Int:  9    God:    Okawaru [......]
Gold:   280        SH:  9    Dex: 12    Spells: 6/6 levels left

rFire    . . .     SeeInvis +   a - +0 war axe
rCold    . . .     Faith    .   c - +0 kite shield
rNeg     . . .     Spirit   .   l - +0 chain mail
rPois    .         Reflect  .   (no helmet)
rElec    .         Harm     .   (no cloak)
rCorr    .         Rampage  .   j - +0 pair of gloves
Will     .....                  (no boots)
Stlth    ..........             (no amulet)
HPRegen  0.18/turn              k - ring of see invisible
MPRegen  0.10/turn              (no ring)

@: mighty
A: hooves 1, icy blue scales 2, demonic guardian 2
a: Renounce Religion


You were on level 6 of the Dungeon.
You worshipped Okawaru.
Okawaru was noncommittal.
You visited 2 branches of the dungeon, and saw 7 of its levels.
You also visited: Sewer.

You collected 280 gold pieces.

Inventory:

Hand Weapons
 a - a +0 war axe (weapon)
Missiles
 m - 3 boomerangs of dispersal (quivered)
Armour
 b - a +0 scale mail
 c - a +0 kite shield (worn)
 j - a +0 pair of gloves (worn)
 l - a +0 chain mail (worn)
Jewellery
 k - a ring of see invisible (left hand)
 p - a ring of ice
Wands
 t - a wand of polymorph (1)
 u - a wand of iceblast (12)
Scrolls
 e - 3 scrolls of teleportation
 f - a scroll of brand weapon
 o - a scroll of blinking
 q - 2 scrolls of fear
Potions
 g - a potion of heal wounds {unknown}
 h - 2 potions of lignification
 i - a potion of haste
 n - 2 potions of curing
 r - 2 potions of degeneration {unknown}
 s - 2 potions of brilliance


   Skills:
 + Level 4.9 Fighting
 + Level 3.9 Axes
 + Level 4.5 Armour
 + Level 3.2 Dodging
 + Level 4.5 Shields


You had 6 spell levels left.
You didn't know any spells.
Your spell library contained the following spells:

 Spells                   Type           Power      Damage    Failure   Level
 Animate Skeleton         Necr           0%         N/A       100%        1
 Apportation              Tloc           0%         N/A       100%        1
 Corona                   Hex            0%         N/A       100%        1
 Summon Small Mammal      Summ           0%         N/A       100%        1
 Lesser Beckoning         Tloc           0%         N/A       100%        3
 Portal Projectile        Hex/Tloc       0%         N/A       100%        3
 Teleport Other           Tloc           0%         N/A       100%        3


Dungeon Overview and Level Annotations

Branches:
Dungeon (6/15)             Temple (1/1) D:5           Sewer (visited)

Altars:
Ashenzari
Cheibriados
Elyvilon
Gozag
Hepliaklqana
Kikubaaqudgha
Makhleb
Nemelex Xobeh
Okawaru
Qazlal
Ru
Trog
Vehumet
Xom
Yredelemnul
The Shining One

Shops:
D:3 *

Annotations:
D:5 3 runed translucent doors, Nausicaa's ghost, novice TrMo


Innate Abilities, Weirdness & Mutations

You have large cloven feet.
You are mostly covered in icy blue scales. (AC +3)
A demonic guardian rushes to your aid.


Message History

The bullfrog closely misses you.
The bullfrog hits you but does no damage.
Okay, then.
You hit the bullfrog.
The bullfrog is moderately wounded.
The bullfrog hits you but does no damage.
The bullfrog hits you!
You feel very mighty all of a sudden. You block the bullfrog's attack.
You closely miss the bullfrog.
The bullfrog is moderately wounded.
The bullfrog hits you but does no damage.
The bullfrog hits you. x2
You slash the bullfrog!
The bullfrog is almost dead.
You block the bullfrog's attack.
The bullfrog hits you but does no damage.
You slash the bullfrog!
You kill the bullfrog!
Okawaru accepts your kill.
You hit the ogre. You kick the ogre!
The ogre is heavily wounded.
The ogre hits you with a +0 giant club!!
* * * LOW HITPOINT WARNING * * *
A demonic guardian appears!
The ogre barely misses you.
You barely miss the ogre. Your kick misses the ogre.
The ogre is heavily wounded.
The ogre hits you with a +0 giant club!
* * * LOW HITPOINT WARNING * * *
You swap places.
A white imp comes into view.
The white imp shouts!
Found a stone staircase leading down.
You closely miss the white imp. You kick the white imp!
The white imp is almost dead.
Something closely misses your hellwing. You block the white imp's attack.
The white imp hits you.
* * * LOW HITPOINT WARNING * * *
The white imp freezes you.
You die...

..............##
#......<..# .
#.......#....#
#.......# .#.#
##.[...## #.!
##....###.#.#
##...O#.# .#
#####4# # #@##
#.5# ###. .> ##.
.# #


You could see a white imp (ally target) and a friendly hellwing (summoned).

Vanquished Creatures
  A water moccasin (D:5)
  Purgy (Sewer)
  A black bear (D:4)
  An ogre (D:4)
  A bullfrog (D:6)
  A scorpion (D:4)
  An orc priest (D:4)
  A hound (D:4)
  Ijyb (D:5)
  2 orc wizards (D:4)
  A hound zombie (D:5)
  A howler monkey zombie (D:5)
  A gnoll (D:4)
  7 adders
  An adder skeleton (D:5)
  An adder zombie (D:5)
  3 worms
  2 dart slugs
  10 orcs
  5 ball pythons
  7 bats
  6 endoplasms
  4 giant cockroaches
  7 goblins
  9 hobgoblins
  15 jackals
  6 kobolds
  5 quokkas
  4 frilled lizards
  9 rats
115 creatures vanquished.

Vanquished Creatures (collateral kills)
  An orc priest (D:4)
  3 gnolls (D:4)
  A quokka (D:4)
5 creatures vanquished.

Grand Total: 120 creatures vanquished

Notes
Turn   | Place    | Note
-------+----------+-------------------------------------------
     0 | D:1      | Sin92 the Demonspawn Fighter began the quest for the Orb.
     0 | D:1      | Reached XP level 1. HP: 18/18 MP: 1/1
   147 | D:1      | Gained mutation: You have large cloven feet. [demonic
                  | ancestry]
   147 | D:1      | Reached XP level 2. HP: 20/24 MP: 2/2
   488 | D:1      | Gained mutation: You are partially covered in icy blue
                  | scales. (AC +2) [demonic ancestry]
   488 | D:1      | Reached XP level 3. HP: 29/29 MP: 3/3
   787 | D:2      | Reached skill level 1 in Dodging
  1134 | D:2      | Reached XP level 4. HP: 35/35 MP: 4/4
  1430 | D:2      | Found a faded altar of an unknown god.
  2584 | D:3      | Found Gozag's Platinum Reserve.
  2605 | D:3      | Found an opulent altar of Gozag.
  2800 | D:4      | Gained mutation: A weak demonic guardian rushes to your
                  | aid. [demonic ancestry]
  2800 | D:4      | Reached XP level 5. HP: 24/42 MP: 5/5
  2831 | D:4      | Found a glowing drain.
  2846 | Sewer    | Entered a sewer
  3148 | Sewer    | Noticed Purgy
  3156 | Sewer    | Killed Purgy
  3402 | D:4      | Noticed a black bear
  3402 | D:4      | Found a hazy altar of Hepliaklqana.
  3406 | D:4      | Killed a black bear
  3407 | D:4      | Gained mutation: A demonic guardian rushes to your aid.
                  | [demonic ancestry]
  3407 | D:4      | Reached XP level 6. HP: 30/48 MP: 6/6
  3784 | D:4      | Found a shimmering altar of Xom.
  4335 | D:4      | Found a basalt altar of Yredelemnul.
  4532 | D:4      | Gained mutation: You are mostly covered in icy blue scales.
                  | (AC +3) [demonic ancestry]
  4532 | D:4      | Reached XP level 7. HP: 55/55 MP: 7/7
  4969 | D:5      | Entered Level 5 of the Dungeon
  4969 | D:5      | Found a staircase to the Ecumenical Temple.
  4987 | Temple   | Entered the Ecumenical Temple
  5147 | Temple   | Became a worshipper of Warmaster Okawaru
  5205 | D:5      | Found a snail-covered altar of Cheibriados.
  5246 | D:5      | Found a runed translucent gate.
  5246 | D:5      | Found a runed translucent gate.
  5246 | D:5      | Noticed Nausicaa's ghost (novice TrMo)
  5248 | D:5      | Found a runed translucent gate.
  5264 | D:5      | Found a sacrificial altar of Ru.
  5279 | D:5      | Noticed Ijyb
  5293 | D:5      | Killed Ijyb
  5861 | D:5      | Found a broken altar of Ashenzari.
  5903 | D:5      | Got Sif Muna's Handbook of Displacement
  6062 | D:6      | HP: 2/55 [white imp (2)]
  6062 | D:6      | Slain by a white imp

Illustrated notes

Levels and vault maps discovered:
D:1:      shiori_arrival_oz, layout_rooms, minmay_misc_feat_room,
          glass_columns_a, hangedman_decor_peaks_small, minmay_tetromino_i2
D:2:      layout_basic, ebering_ecumenical_altar_mist,
          amcnicky_mini_rare_corridor_liquid
D:3:      layout_basic, nicolae_gozag_zags_fifth_avenue, amcnicky_altar_gilded,
          fountainhead, minivault_5, kennysheep_doodads
D:4:      layout_loops_corners, mainiacjoe_overflow_boulevard,
          mainiacjoe_overflow_concentric_impassable, kennysheep_mini_moat,
          gup_sewer_entry_bubbles
D:5:      layout_basic, nicolae_ru_awakened_eye, general_overflow_altar,
          old_standard_altar, minmay_temple_entry_glass,
          gammafunk_ghost_nasty_kobolds, uniq_ijyb
D:6:      layout_loops_ring, fedhas_altar_3, led_sif_pool, st_stairs_7
Temple:   grunt_temple_mini_profane

Skill      XL: |  1  2  3  4  5  6  7 |
---------------+----------------------+-----
Axes           | 2 3 |  3.9
Shields        | 3 4 |  4.5
Armour         | 3 4 |  4.5
Dodging        | 1 2 3 |  3.2
Fighting       | 4 |  4.9

Action                   |  1- 3 |  4- 6 |  7- 9 || total
-------------------------+-------+-------+-------++-------
Melee: War axe           |    92 |   184 |    82 ||   358
       Kick              |    18 |    37 |    23 ||    78
       Unarmed           |       |       |     3 ||     3
  Use: Scroll            |       |     4 |     4 ||     8
       Potion            |       |       |     2 ||     2
Armor: Scale mail        |    60 |    10 |       ||    70
       Chain mail        |       |   114 |    46 ||   160
Dodge: Dodged            |    54 |    47 |    28 ||   129
Block: Kite shield       |    67 |   136 |    42 ||   245

Table legend: (Time is in decaauts)
 A = Elapsed time spent in this place.
 B = Non-inter-level travel time spent in this place.
 C = Inter-level travel time spent in this place.
 D = Time resting spent in this place.
 E = Time spent auto-exploring this place.
 F = Levels seen in this place.
 G = Mean time per level.
                   A        B        C        D        E       F      G
               +--------+--------+--------+--------+--------+-----+--------+
         Total |   6308 |   6218 |     90 |   1049 |   4051 |   8 |  788.5 |
       Dungeon |   5622 |   5555 |     67 |    868 |   3627 |   6 |  937.0 |
        Temple |    184 |    161 |     23 |      0 |    153 |   1 |  184.0 |
         Sewer |    501 |    501 |      0 |    181 |    271 |   1 |  501.0 |
               +--------+--------+--------+--------+--------+-----+--------+

Top non-repeatable levels by time:
     D:4: 1846 daAuts
     D:2: 1154 daAuts
     D:5: 906 daAuts
     D:3: 903 daAuts
     D:1: 787 daAuts
   Sewer: 501 daAuts
  Temple: 184 daAuts
     D:6: 23 daAuts
